[Event "Italian-ch Semifinal 2022"]
[Site "Acqui Terme"]
[Date "2022.06.17"]
[Round "7.3"]
[White "Caprino, Marco"]
[Black "Carnicelli, Valerio"]
[Result "0-1"]
[ECO "B23"]
[WhiteElo "2071"]
[BlackElo "2319"]
[Annotator "TA"]
[PlyCount "66"]
[EventDate "2022.06.15"]
[EventType "swiss"]
[EventCountry "ITA"]
[SourceTitle "playchess.com"]
[Source "ChessBase"]
[SourceQuality "1"]
[TimeControl "40/5400+30:1800+30"]

1. e4 c5 2. Nc3 Nc6 3. f4 g6 4. Nf3 Bg7 5. Bb5 Nd4 6. O-O Nxb5 7. Nxb5 d5 8. e5 d4 {[%emt 0:00:04] B23: Closed Sicilian: Lines without g3.} 9. d3 Nh6 {[%emt 0:01:34] [#]} (9... a6 $5 10. Na3 Nh6 $11) 10. Qe2 $146 ({Predecessor:} 10. c3 a6 11. Na3 dxc3 12. bxc3 O-O 13. Be3 Qc7 14. h3 Rd8 15. Qe2 b5 16. Rfd1 {½-½ (40) Oltean,C (1759)-Ochedzan,T (2098) Kouty nad Desnou 2019}) 10... O-O {[%emt 0:00:59] Black has an edge.} 11. c3 a6 12. Na3 f6 13. Bd2 (13. cxd4 $11 cxd4 14. Bd2) 13... b5 14. cxd4 cxd4 15. Nc2 Nf5 16. Qf2 fxe5 17. fxe5 Bb7 18. Rae1 (18. Qe2 $142) 18... Bxf3 $17 19. gxf3 Rc8 20. Bc1 (20. Bf4 $17 {was called for.}) 20... a5 (20... e6 $19 21. b3 Rc3) 21. Re4 e6 ({Black should try} 21... Qd5 22. Bf4 Rfd8) 22. Nxd4 $2 {[%emt 0:00:00][%mdl 8192] [#] Loses the game.} (22. Bf4 $17 {is more resistant.}) 22... Rxc1 $1 $19 23. Nxe6 (23. Rxc1 Qg5+) 23... Rxf1+ 24. Kxf1 Qxd3+ 25. Kg2 Rc8 {[%emt 0:01:57] White must now prevent ...Rc2.} 26. Nc5 Qd5 27. b4 axb4 28. Na6 Bxe5 29. Nxb4 Qd6 {[%emt 0:00:38] Strongly threatening ...Rc1.} 30. Qe1 Bxh2 {[%emt 0:04:30][%cal Oc8c1] [#] ( -> ...Rc1!)} 31. Re8+ Rxe8 {[%emt 0:00:15] Black mates.} 32. Qxe8+ Kg7 33. Qxb5 Qg3+ {[%emt 0:01:03] Weighted Error Value: White=1.13/Black=0.10 (very precise)} 0-1

[Event "Italian-ch Semifinal 2022"]
[Site "Acqui Terme"]
[Date "2022.06.17"]
[Round "7.4"]
[White "Boraso, Alessio"]
[Black "Martorelli, Antonio"]
[Result "1-0"]
[ECO "B42"]
[WhiteElo "2287"]
[BlackElo "2141"]
[Annotator "NA RC"]
[PlyCount "35"]
[EventDate "2022.06.15"]
[EventType "swiss"]
[EventCountry "ITA"]
[SourceTitle "playchess.com"]
[Source "ChessBase"]
[SourceQuality "1"]
[TimeControl "40/5400+30:1800+30"]

1. e4 c5 2. Nf3 e6 3. d4 cxd4 4. Nxd4 a6 5. Bd3 Qb6 6. Be3 Nc6 7. Nxe6 Qxb2 8. Nc7+ Kd8 9. Nxa8 Qxa1 10. Bb6+ Ke7 11. O-O Nf6 12. Qd2 Qb2 13. Nc3 g6 14. e5 Nxe5 15. Bd4 Nxd3 16. Qxd3 Bg7 17. Bc5+ Kd8 18. Qd6 1-0

[Event "Italian-ch Semifinal 2022"]
[Site "Acqui Terme"]
[Date "2022.06.17"]
[Round "7.5"]
[White "Pasini, Nicolo"]
[Black "Andreoni, Giuseppe"]
[Result "1-0"]
[ECO "B01"]
[WhiteElo "2227"]
[BlackElo "2170"]
[Annotator "NA RC"]
[PlyCount "81"]
[EventDate "2022.06.15"]
[EventType "swiss"]
[EventCountry "ITA"]
[SourceTitle "playchess.com"]
[Source "ChessBase"]
[SourceQuality "1"]
[TimeControl "40/5400+30:1800+30"]

1. e4 d5 2. exd5 Qxd5 3. Nf3 Bg4 4. Be2 Nc6 5. h3 Bxf3 6. Bxf3 Qe6+ 7. Qe2 Nd4 8. Qxe6 Nxf3+ 9. gxf3 fxe6 10. d3 g6 11. Bd2 Bg7 12. Bc3 Bxc3+ 13. Nxc3 Nh6 14. h4 Nf5 15. O-O-O O-O-O 16. Rdg1 Rhf8 17. h5 gxh5 18. Rxh5 h6 19. Rg6 Kd7 20. Ne4 b6 21. c3 Rg8 22. Rg4 Rdf8 23. Kd2 Ke8 24. Ke2 Kf7 25. Nd2 Kf6 26. d4 Rxg4 27. fxg4 Kg6 28. Nc4 Nd6 29. Ne5+ Kg7 30. Ke3 Ne8 31. g5 hxg5 32. Rxg5+ Kh7 33. Nc6 Nd6 34. b3 Rxf2 35. Kxf2 Ne4+ 36. Ke3 Nxg5 37. Nxa7 Nf7 38. Nb5 c6 39. Na7 Nd8 40. Nc8 b5 41. Nxe7 1-0

[Event "Italian-ch Semifinal 2022"]
[Site "Acqui Terme"]
[Date "2022.06.17"]
[Round "7.6"]
[White "Lumachi, Gabriele"]
[Black "Misiano, Franco"]
[Result "1-0"]
[ECO "C00"]
[WhiteElo "2347"]
[BlackElo "2195"]
[Annotator "TA"]
[PlyCount "55"]
[EventDate "2022.06.15"]
[EventType "swiss"]
[EventCountry "ITA"]
[SourceTitle "playchess.com"]
[Source "ChessBase"]
[SourceQuality "1"]
[TimeControl "40/5400+30:1800+30"]

1. e4 e6 2. Qe2 c5 3. f4 Nc6 4. c3 Nf6 5. d3 Be7 6. g3 {[%emt 0:00:11] C00: French: Unusual White 2nd moves.} d5 7. e5 Nd7 {[%emt 0:00:05] [#]} 8. a4 $146 {[%emt 0:00:03] The position is equal.} ({Predecessor:} 8. Nf3 O-O 9. Bh3 b5 10. O-O d4 11. Bg2 Rb8 12. cxd4 Nxd4 13. Nxd4 cxd4 14. Nd2 {0-1 (39) Zivanovic,N (2076)-Stanojevic,I (2166) Kragujevac 2019}) 8... O-O 9. Bg2 a6 10. Nd2 Rb8 11. Nh3 b5 12. axb5 axb5 13. O-O Qb6 14. Nf3 d4 15. cxd4 Nxd4 16. Nxd4 cxd4 17. f5 exf5 18. Nf4 Nc5 {[%emt 0:09:46] Prevents e6.} 19. Nd5 Qd8 20. Ra7 Bg5 (20... Bb7 $1 $15) 21. Qh5 {[%emt 0:24:16] White is much more active. The black rooks are badly placed.} (21. Bxg5 $16 Qxg5 22. Qc2) 21... Bxc1 $11 22. Rxc1 Ne6 {[%emt 0:00:49][%mdl 8192] [#] A mistake that costs the game.} (22... Nxd3 $15 23. Ne7+ Kh8) 23. Ne7+ $18 Kh8 24. Nc6 ({And not} 24. Nxc8 g6 25. Qh6 Rxc8 $17) ({Not} 24. Rxc8 Rxc8 25. Nxc8 g6 $17) 24... Qb6 25. Rxf7 Rg8 26. Ne7 {[%emt 0:03:30][%csl Gh5][%cal Re7g6] [#]} Nd8 27. Rc6 Qxc6 28. Bxc6 {[%emt 0:00:13] Weighted Error Value: White=0.17 (very precise) /Black=0.66} 1-0

[Event "Italian-ch Semifinal 2022"]
[Site "Acqui Terme"]
[Date "2022.06.17"]
[Round "7.7"]
[White "Corvi, Marco"]
[Black "Bettalli, Francesco"]
[Result "1/2-1/2"]
[ECO "A35"]
[WhiteElo "2318"]
[BlackElo "2304"]
[Annotator "TA"]
[PlyCount "84"]
[EventDate "2022.06.15"]
[EventType "swiss"]
[EventCountry "ITA"]
[SourceTitle "playchess.com"]
[Source "ChessBase"]
[SourceQuality "1"]
[TimeControl "40/5400+30:1800+30"]

1. c4 c5 2. Nc3 g6 3. Nf3 Bg7 4. e3 Nf6 5. Be2 Nc6 6. O-O O-O 7. d4 cxd4 8. Nxd4 d5 9. cxd5 Nxd5 10. Nxd5 Qxd5 11. Bf3 Qc5 12. Nxc6 bxc6 13. Qa4 Rb8 14. Qxc6 {[%emt 0:04:21] A35: Symmetrical English: 2 Nc3 Nc6 3 Nf3.} Qxc6 15. Bxc6 Rd8 16. Ba4 {[%emt 0:06:46] [#] The position is equal.} Bf5 $146 ({Predecessor:} 16... Ba6 17. Re1 Bxb2 18. Bxb2 Rxb2 19. Reb1 Rdd2 20. Rxb2 Rxb2 21. Bb3 Bb5 22. h3 a5 {0-1 (49) Wolf,M (2024)-Witte,M (2161) Berlin 2017}) 17. Rd1 Rxd1+ 18. Bxd1 Rxb2 19. Bxb2 Bxb2 $15 {[%emt 0:00:11][%mdl 4096] Endgame KRB-KB} 20. e4 $1 Bxe4 21. Bf3 $1 Bxa1 ({Much less strong is} 21... Bxf3 22. Rb1 $14) 22. Bxe4 {[%emt 0:00:08] KB-KB} Kg7 23. f4 Bd4+ 24. Kf1 h6 25. Ke2 Kf6 26. Kf3 Bg1 27. h3 e6 28. g4 Bc5 29. Bc6 g5 30. Be4 gxf4 31. Kxf4 Bd6+ 32. Kf3 a5 33. Bc6 Kg5 34. Be8 f5 35. gxf5 Kxf5 36. Bd7 Ke5 37. Be8 Kd4 38. a4 e5 39. Bc6 Kc5 40. Be8 Kd5 {[%emt 0:00:00] Black has an edge.} 41. Bg6 Kd4 42. Bf5 Be7 {[%emt 0:00:34] Weighted Error Value: White=0.03 (flawless) /Black=0.02 (flawless)} 1/2-1/2

[Event "Italian-ch Semifinal 2022"]
[Site "Acqui Terme"]
[Date "2022.06.17"]
[Round "7.8"]
[White "Paduano, Claudio"]
[Black "Palozza, Christian"]
[Result "0-1"]
[ECO "D56"]
[WhiteElo "2138"]
[BlackElo "2284"]
[Annotator "NA RC"]
[PlyCount "80"]
[EventDate "2022.06.15"]
[EventType "swiss"]
[EventCountry "ITA"]
[SourceTitle "playchess.com"]
[Source "ChessBase"]
[SourceQuality "1"]
[TimeControl "40/5400+30:1800+30"]

1. d4 Nf6 2. c4 e6 3. Nf3 d5 4. Nc3 Be7 5. Bg5 O-O 6. e3 h6 7. Bh4 Ne4 8. Bxe7 Qxe7 9. Rc1 c6 10. Bd3 Nxc3 11. Rxc3 Nd7 12. cxd5 exd5 13. O-O Nf6 14. Ne5 Ne4 15. Bxe4 dxe4 16. f3 exf3 17. Qxf3 Be6 18. a3 Qd6 19. Rc2 f6 20. Ng6 Rfe8 21. Nf4 Bf7 22. Re1 a5 23. Rd2 Ra6 24. e4 Rb6 25. Qf2 Rb5 26. a4 Rg5 27. h4 Rg4 28. e5 Qc7 29. Qf3 h5 30. Rde2 fxe5 31. Rxe5 Rxe5 32. Rxe5 Qd8 33. Qe3 Qxh4 34. Ne2 Qe1+ 35. Kh2 Rh4+ 36. Qh3 Rxh3+ 37. Kxh3 Qb4 38. Kh4 Qxb2 39. g3 Qa3 40. Nf4 Qxa4 0-1

[Event "Italian-ch Semifinal 2022"]
[Site "Acqui Terme"]
[Date "2022.06.17"]
[Round "7.9"]
[White "Tripodi, Enzo"]
[Black "Cina`, Vittorio"]
[Result "0-1"]
[ECO "C17"]
[WhiteElo "2170"]
[BlackElo "2027"]
[Annotator "NA RC"]
[PlyCount "76"]
[EventDate "2022.06.15"]
[EventType "swiss"]
[EventCountry "ITA"]
[SourceTitle "playchess.com"]
[Source "ChessBase"]
[SourceQuality "1"]
[TimeControl "40/5400+30:1800+30"]

1. e4 e6 2. d4 d5 3. Nc3 Bb4 4. e5 Ne7 5. Qg4 c5 6. a3 Qa5 7. Bb5+ Kf8 8. axb4 Qxa1 9. Nge2 cxb4 10. O-O Qa5 11. Bg5 Nf5 12. Nxd5 h5 13. Qf3 Qxb5 14. Nc7 Qc6 15. Nxa8 Qxf3 16. gxf3 Bd7 17. Nc7 Bc6 18. d5 exd5 19. Nf4 Nd7 20. Re1 Nd4 21. Kg2 Nc5 22. Nfxd5 f6 23. Bd2 Nxc2 24. Rd1 b3 25. Bc3 fxe5 26. Nb4 Rh6 27. Nxc6 Rxc6 28. Bxe5 Nd3 29. Bc3 Nf4+ 30. Kf1 Rxc7 31. Rd6 Rxc3 32. bxc3 b2 33. Rd1 Nd3 34. Ke2 Nc1+ 35. Kd2 b1=Q 36. Rxc1 Qb3 37. Rxc2 a5 38. Kd3 a4 0-1

[Event "Italian-ch Semifinal 2022"]
[Site "Acqui Terme"]
[Date "2022.06.17"]
[Round "7.10"]
[White "Perossa, Nicolas"]
[Black "Pegno, Mattia"]
[Result "0-1"]
[ECO "B31"]
[WhiteElo "2139"]
[BlackElo "2065"]
[Annotator "TA"]
[PlyCount "114"]
[EventDate "2022.06.15"]
[EventType "swiss"]
[EventCountry "ITA"]
[SourceTitle "playchess.com"]
[Source "ChessBase"]
[SourceQuality "1"]
[TimeControl "40/5400+30:1800+30"]

1. e4 c5 2. Nf3 Nc6 3. Bb5 g6 4. O-O Bg7 5. Re1 Nf6 6. Bxc6 dxc6 7. Nc3 {[%emt 0:00:11] B31: Sicilian: 2...Nc6 3 Bb5 g6.} Bg4 8. d3 Nd7 9. h3 {[%emt 0:00:31] The position is equal.} Bxf3 10. Qxf3 {[%emt 0:00:23] [#]} b6 $146 ({Predecessor:} 10... Ne5 11. Qe2 c4 12. Rd1 cxd3 13. cxd3 O-O 14. d4 Nd7 15. Be3 e6 16. Rac1 Nb6 {1-0 (37) Brankovic,V (2121)-Stanimirovic,B (2057) Belgrade 2019}) 11. Qg3 e5 12. Nd1 O-O 13. Ne3 Qe7 14. a4 Rfd8 15. Bd2 Nf8 16. Nc4 Ne6 17. Be3 ({Don't play} 17. Nxe5 Nd4 18. f4 Bxe5 19. fxe5 Nxc2 $17) 17... f6 18. h4 Qf7 19. Rf1 h5 20. f4 exf4 21. Bxf4 Nxf4 22. Rxf4 Kh7 23. Raf1 {[%emt 0:00:29] [#] And now Ne5 would win.} Qe6 {[%emt 0:00:28] Against Ne5} 24. Qf3 Rf8 25. g4 hxg4 26. Rxg4 f5 27. Rf4 fxe4 28. Qxe4 Bd4+ 29. Kh2 $2 {[%emt 0:00:13][%mdl 8192] White is on the road to losing.} (29. Kg2 $11 {and White has nothing to worry.} Qxe4+ 30. Rxe4) 29... Qxe4 $19 30. dxe4 Rxf4 31. Rxf4 {[%emt 0:00:00][%mdl 4096] Endgame KRB-KRN} b5 32. c3 Bg7 ({Don't blunder} 32... bxc4 $2 33. cxd4 cxd4 34. Kg2 $19) 33. axb5 cxb5 34. Ne3 (34. e5 $142) 34... Be5 35. Kg3 Bxf4+ 36. Kxf4 {[%emt 0:00:01] KR-KN} Rf8+ 37. Ke5 c4 38. Ng4 Rd8 {[%emt 0:00:31] Hoping for ...Kg7.} 39. Nf6+ Kg7 {[%emt 0:00:06] aiming for ...Rd2.} 40. Nd5 Kf7 41. Nc7 a6 42. Nxa6 Rd2 43. Nc7 Rxb2 44. Nd5 Rh2 45. Kd4 Rxh4 46. Nc7 g5 47. Nxb5 g4 {[%emt 0:00:08] Black mates.} 48. Ke3 g3 49. Kf3 {[%emt 0:00:04] [#]} Rg4 $3 50. Kg2 (50. Nd6+ Ke6) 50... Ke6 51. Na3 Rxe4 52. Kxg3 Re3+ 53. Kf4 Rxc3 54. Nb1 Rd3 55. Ke4 Kd6 56. Kf4 Kc5 57. Ke4 Kb4 {[%emt 0:03:44] Weighted Error Value: White=0.68/Black=0.01 (flawless)} 0-1

[Event "Italian-ch Semifinal 2022"]
[Site "Acqui Terme"]
[Date "2022.06.19"]
[Round "9.1"]
[White "Barp, Alberto"]
[Black "Corvi, Marco"]
[Result "1-0"]
[ECO "E63"]
[WhiteElo "2384"]
[BlackElo "2318"]
[Annotator "TA"]
[PlyCount "77"]
[EventDate "2022.06.15"]
[EventType "swiss"]
[EventCountry "ITA"]
[SourceTitle "playchess.com"]
[Source "ChessBase"]
[SourceQuality "1"]
[TimeControl "40/5400+30:1800+30"]

1. d4 Nf6 2. c4 g6 3. g3 Bg7 4. Bg2 O-O 5. Nc3 d6 6. Nf3 Nc6 7. O-O Bd7 8. h3 a6 9. e4 e5 10. d5 Ne7 {[%emt 0:02:03] E63: King's Indian: Fianchetto: Panno Variation with 7...a6.} 11. Ne1 b5 {[%emt 0:18:48] [#]} 12. cxb5 $146 ({Predecessor:} 12. b3 Qb8 13. Nd3 c6 14. Be3 cxd5 15. cxd5 Nxe4 16. Nxe4 f5 17. Ng5 e4 18. Nf4 Bxa1 19. Qxa1 {1-0 (29) Kirk,E (2111)-Cantin,L (1929) Montlucon 2011}) 12... axb5 {[%emt 0:00:33] The position is equal.} 13. Nd3 Qb8 14. Nb4 c5 15. dxc6 $1 Nxc6 16. Ncd5 Nxd5 17. Nxd5 Be6 18. Be3 Bxd5 (18... Nd4 $11 {is more appropriate.}) 19. Qxd5 $14 Nd4 20. Bxd4 exd4 21. e5 Ra7 22. e6 fxe6 23. Qxe6+ Kh8 24. Bd5 Qd8 25. Rae1 Be5 26. Kg2 Re7 27. Qg4 Bg7 28. h4 Rxe1 29. Rxe1 d3 30. Rd1 {[%emt 0:04:32] White is more active.} Qb6 31. Bf3 Bxb2 32. Rxd3 Be5 33. h5 gxh5 34. Qxh5 b4 35. Rd2 $40 {[%emt 0:02:13][%mdl 128] White wants a kill.} Qa7 36. Bd5 {[%emt 0:00:37] Inhibits Qf7.} Qg7 37. Re2 Qg6 38. Qh4 Qd3 $2 {[%emt 0:01:07][%mdl 8192] [#]} (38... Qf5 $16) 39. Be4 $1 {[%emt 0:01:15] Weighted Error Value: White=0.04 (flawless) /Black=0.09 (flawless)} 1-0

[Event "Italian-ch Semifinal 2022"]
[Site "Acqui Terme"]
[Date "2022.06.19"]
[Round "9.3"]
[White "Palozza, Christian"]
[Black "Genocchio, Daniele"]
[Result "0-1"]
[ECO "A62"]
[WhiteElo "2284"]
[BlackElo "2365"]
[Annotator "TA"]
[PlyCount "178"]
[EventDate "2022.06.15"]
[EventType "swiss"]
[EventCountry "ITA"]
[SourceTitle "playchess.com"]
[Source "ChessBase"]
[SourceQuality "1"]
[TimeControl "40/5400+30:1800+30"]

1. d4 Nf6 2. c4 e6 3. g3 c5 4. d5 exd5 5. cxd5 d6 6. Nc3 g6 7. Bg2 Bg7 8. Nf3 O-O 9. O-O Nbd7 10. Bf4 Qe7 11. Re1 {[%emt 0:01:27] A62: Modern Benoni: Fianchetto Variation without early ...Nbd7.} (11. e4 $5) 11... a6 12. a4 {[%emt 0:00:05] Inhibits b5.} Rb8 13. Rb1 {[%emt 0:08:35] White has an edge.} Re8 14. Qc1 {[%emt 0:14:17] [#]} Ng4 $146 ({Predecessor:} 14... b5 15. axb5 axb5 16. b4 c4 17. Nd4 Rb6 18. Ncxb5 Ne5 19. Nc3 Nfg4 20. Qd2 Rxb4 21. Rxb4 Nd3 22. Nc6 Qf6 23. exd3 Rxe1+ 24. Qxe1 Qxc3 25. Qxc3 Bxc3 26. Rb8 {1-0 (26) Torres,J (2267)-Herrera,M (2052) Medellin 2017}) 15. Bg5 Qf8 16. b4 h6 17. Bd2 cxb4 18. Rxb4 Nc5 19. h3 Nf6 20. Nd4 Nfd7 21. Nb3 Nxb3 22. Rxb3 Nc5 23. Rb4 Bd7 24. a5 Rbc8 25. Qa3 {[%emt 0:01:54] Inhibits Na4.} f5 26. Na2 Bb5 (26... g5 $15) 27. Nc3 $11 Bd7 28. Na2 (28. e3 $11) 28... Rc7 29. Be3 Bb5 30. Nc3 Rxe3 31. fxe3 Bd7 {[%emt 0:01:00] This bishop pair is nice.} 32. Rc4 Qe7 33. e4 Qg5 34. Nd1 Bb5 35. Rc2 (35. h4 $11 {was the only way to keep the balance.} Qd2 36. Qb4) 35... fxe4 (35... Bd4+ $1 $17 36. Kh1 Nd3 $1 37. Qxd6 (37. Rxc7 $2 Qxg3 38. Rc8+ Kg7 $19) 37... Rxc2 38. exd3 Rxg2 $1 39. Kxg2 (39. Qb8+ $2 Kh7 $19) 39... Qd2+ 40. Kf3 Qxe1 41. Qxg6+ Kf8 42. Qxf5+ Ke8 43. Qc8+ Ke7 44. Qe6+ Kd8 45. Qd6+ Bd7 46. Qf8+ Be8 47. Qd6+ Bd7 48. Qf8+ Be8 49. Qd6+ Kc8 50. Qe6+ Bd7 51. Qg8+ Kc7 52. d6+ Kxd6 53. Qd5+ Kc7 54. Qc4+ Kb8 55. Qxd4 Qxd1+ 56. Kf2 Qd2+ 57. Kg1 Qc1+ 58. Kg2 Qc2+ 59. Kf3 Bxh3 60. Qh8+ Ka7 61. Qd4+ Ka8 62. Qh8+ Qc8 63. Qxh6 Bg4+ 64. Kg2 Qc2+ 65. Kg1 Qd1+ 66. Kh2 Qe2+ 67. Kg1 Qe1+ 68. Kg2 Qxa5) 36. Kh2 Bd4 {[%emt 0:00:44] Black is much more active.} (36... Qxd5 37. Nc3 Bxc3 38. Qxc3 $14) (36... Rf7 $1 $17) 37. Rf1 Re7 (37... Qxd5 38. Nc3 Qe6 39. Nxe4 $1 $16) 38. Rf4 h5 39. h4 Qh6 (39... Qxd5 $11 {keeps the balance.} 40. Ne3 (40. Nc3 Qc4 $11) 40... Bxe3 41. Qxe3 Qe5) 40. Nc3 (40. Nf2 $1 $16 ) 40... Be5 41. Rf1 (41. Nxb5 $11 Bxf4 42. Rxc5 dxc5 43. Qxc5) 41... Qe3 $1 $17 42. Nxb5 Nd3 $1 43. exd3 $2 (43. Rc8+ $2 Kh7 44. Rff8 Qxg3+ 45. Kg1 Qe1+ 46. Bf1 Qxh4 $1 47. Rh8+ Bxh8 $19) (43. Bf3 $17 {is the only way for White.} axb5 44. exd3 (44. Rc8+ $2 Kh7 $19) 44... exf3 45. Rcf2) 43... Qxg3+ $19 44. Kg1 axb5 45. Qb4 $2 (45. Rff2 $19 e3 46. Rf3 Qe1+ 47. Bf1) 45... Qh2+ 46. Kf2 Qxh4+ 47. Kg1 Bh2+ 48. Kh1 Bf4+ 49. Kg1 Qh2+ $1 50. Kf2 Qg3+ (50... exd3 $142 51. Qc3 Be3+ 52. Ke1 Bd4+ 53. Kd1 Bxc3 54. Rxc3 Qxg2 55. Rc8+ Kh7 56. Rh1 Qxh1+ 57. Kd2 Re2+ 58. Kc3 Qc1+ 59. Kd4 Qxc8 60. Kxd3 Qc4#) 51. Kg1 Be3+ $1 52. Rff2 Rf7 $2 (52... exd3 {mates} 53. Rcd2 Rf7 54. Qb2 Rxf2 55. Rxf2 d2 56. Qxd2 Bxd2 57. Rf3 Qe1+ 58. Bf1 g5 59. Rf5 Qg3+ 60. Bg2 Be3+ 61. Kf1 Qg4 62. Bh3 Qxh3+ 63. Ke2 Qxf5 64. Kxe3 g4 65. a6 bxa6 66. Kd2 g3 67. Kc3 g2 68. Kb4 g1=Q 69. Ka5 Qa1+ 70. Kb6 Qc8 71. Ka7 Qg1#) 53. Qb2 {[%emt 0:00:47] Threatening mate with Rc8+.} Rxf2 {[%emt 0:00:40] Chess con chili.} (53... Bxf2+ 54. Rxf2 exd3 55. Qd4 $19) 54. Rxf2 {[%emt 0:00:02][%cal Od3e4] [#]} exd3 $40 {[%emt 0:01:13][%mdl 128] Black is up to no good.} (54... Bxf2+ $6 55. Qxf2 Qxd3 56. Qf4 $11 (56. Qf6 Qg3 $11)) (54... b4 $1 $17 55. Qf6 (55. dxe4 $2 b3 $19) 55... Bxf2+ 56. Qxf2 Qxd3) 55. Kf1 $2 {[%emt 0:01:35] [#]} (55. Qf6 $1 $11) 55... Bxf2 (55... Qxf2+ 56. Qxf2 Bxf2 57. Kxf2 $11) (55... Qg4 $1 $19 56. Bf3 Qg3) 56. Qxf2 $15 Qe5 (56... Qg5 $17 {( -> ...Qc1+)} 57. Be4 Qg4) 57. Qe1 (57. Qd2 $11) 57... Qf4+ $19 58. Kg1 d2 59. Qd1 b4 {[%emt 0:00:23][%cal Bb5b4,Bb4b3][%mdl 32] Threatens to win with ...b3!} 60. Bf3 Qe3+ 61. Kg2 b3 62. Qb1 Kg7 {[%emt 0:00:48] White must now prevent ...Qc3.} 63. Qb2+ Kf7 {[%emt 0:00:21][%cal Oe3f3] aiming for ...Qxf3+!} 64. Bd1 Qe4+ 65. Kh2 Qh4+ $2 ({Better is} 65... Qe5+ $19 66. Qxe5 dxe5 67. Bxb3 Ke7) 66. Kg2 $11 Qe4+ $2 (66... Qg5+ $11 67. Kf1 Qf6+ 68. Qxf6+ Kxf6 69. Bxb3 h4) 67. Kh2 $19 Qh4+ $2 ({Black should try} 67... Qe5+ $19 68. Qxe5 dxe5 69. Bxb3 Ke7) 68. Kg2 $11 Qg5+ 69. Kf2 $1 Qf4+ ({Of course not} 69... Qh4+ $6 70. Kg2 $19) 70. Kg2 Qg5+ (70... Qe4+ 71. Kh2 $19) 71. Kf2 $1 Qf6+ ({But not} 71... Qh4+ $6 72. Kg2 $19) 72. Qxf6+ Kxf6 73. Bxb3 {[%emt 0:00:12][%mdl 4096] Endgame KB-KP} Ke5 74. Ke3 $1 h4 {[%emt 0:00:38] Hoping for ...h3.} 75. Bd1 $1 h3 76. Kf3 $1 Kxd5 77. Kg3 $2 (77. Ke3 $11) 77... Kc4 {[%emt 0:00:29] Black mates.} 78. Kxh3 Kc3 79. Kg4 Kb2 80. Kg5 Kc1 81. Bg4 d1=Q 82. Bxd1 Kxd1 83. Kxg6 {[%emt 0:00:03] KPP-KP} Kc2 84. Kf5 Kc3 85. Ke6 Kb4 86. Kxd6 Kxa5 87. Kc5 b5 88. Kd4 Kb4 89. Kd3 Kb3 {[%emt 0:00:04] Weighted Error Value: White=0.41/Black=0.20 (precise)} 0-1

[Event "Italian-ch Semifinal 2022"]
[Site "Acqui Terme"]
[Date "2022.06.19"]
[Round "9.4"]
[White "Lumachi, Gabriele"]
[Black "Pasini, Nicolo"]
[Result "1-0"]
[ECO "A56"]
[WhiteElo "2347"]
[BlackElo "2227"]
[Annotator "TA"]
[PlyCount "61"]
[EventDate "2022.06.15"]
[EventType "swiss"]
[EventCountry "ITA"]
[SourceTitle "playchess.com"]
[Source "ChessBase"]
[SourceQuality "1"]
[TimeControl "40/5400+30:1800+30"]

1. d4 Nf6 2. c4 c5 3. d5 a6 4. a4 d6 5. Nc3 g6 6. e4 {[%emt 0:00:33] A56: Czech Benoni.} e6 7. Nge2 Bg7 8. Ng3 {[%emt 0:00:45] [#] White is slightly better.} a5 $146 ({Predecessor:} 8... h5 9. Be2 h4 10. Nf1 h3 11. g4 e5 12. Ng3 Nh7 13. O-O Qh4 14. f3 Nd7 {½-½ (39) Kim,S (2295)-Andreikin,D (2724) Chess.com INT 2022}) 9. Be2 {[%emt 0:04:02] White is more active.} e5 10. f4 exf4 $1 11. Bxf4 O-O 12. O-O Qe7 13. e5 dxe5 14. Bg5 {[%emt 0:00:16] Nce4 is the strong threat.} (14. d6 $5 Qe6 15. Bg5 $11) 14... h6 15. d6 Qe6 (15... Qd8 $5 16. Be3 Nc6 $11) 16. Bxf6 Bxf6 17. Nge4 (17. Bf3 $5 Ra6 18. Nb5 Qxc4 19. Bd5 $14) 17... Bd8 18. Qd2 f5 (18... Kg7 $15) 19. Qxh6 $11 g5 {[%emt 0:00:05] [#]} 20. Qh5 $36 {[%emt 0:07:00][%mdl 2048] White has the initiative.} Qf7 21. Nd5 {[%emt 0:01:12] Strongly threatening Ne7+. Dancing on a razor blade.} ({Don't blunder} 21. Nxc5 $2 Qxh5 22. Bxh5 Bb6 $19) 21... Qxh5 22. Bxh5 Na6 $2 {[%emt 0:00:53][%mdl 8192] Loses the game.} (22... fxe4 $2 23. Ne7+ Bxe7 24. dxe7 Rxf1+ 25. Rxf1 $18) (22... Nc6 $1 $11 23. Nxc5 b6) 23. Ne7+ $18 {[%emt 0:07:16] Pair of Knights!} Kg7 {[%emt 0:00:23] [#]} 24. g4 $1 ({Worse is} 24. Nxg5 Kh6 $11) 24... fxe4 (24... f4 25. Nxg5 Nb4) 25. Rxf8 {[%emt 0:00:25] White threatens Raf1 and mate.} Kxf8 26. Rf1+ Bf5 27. Rxf5+ {[%emt 0:00:13] White mates.} Kg7 28. Rf7+ Kh8 29. Nf5 e3 30. Bg6 e2 31. Rf8# {[%emt 0:00:11] Weighted Error Value: White=0.06 (flawless) /Black=0.44} 1-0

[Event "Italian-ch Semifinal 2022"]
[Site "Acqui Terme"]
[Date "2022.06.19"]
[Round "9.5"]
[White "Boraso, Alessio"]
[Black "Cina`, Vittorio"]
[Result "1-0"]
[ECO "C02"]
[WhiteElo "2287"]
[BlackElo "2027"]
[Annotator "TA"]
[PlyCount "43"]
[EventDate "2022.06.15"]
[EventType "swiss"]
[EventCountry "ITA"]
[SourceTitle "playchess.com"]
[Source "ChessBase"]
[SourceQuality "1"]
[TimeControl "40/5400+30:1800+30"]

1. e4 e6 2. d4 d5 3. e5 c5 4. c3 Qb6 5. Nf3 Nc6 6. Bd3 cxd4 7. cxd4 Bd7 8. O-O Nxd4 9. Nbd2 {[%emt 0:00:00][%cal Bb1d2,Bd2b3,Bb3c5,Bc5b7,Bb7d6][%mdl 32] now supersedes 9.Nxd4.} Nc6 {[%emt 0:00:00] C02: French: Advance Variation.} 10. Nb3 Nge7 11. Be3 Qc7 {[%emt 0:00:00] The position is equal.} 12. Rc1 Ng6 13. Nc5 Ngxe5 (13... Be7 $11) 14. Nxe5 $14 Qxe5 (14... Nxe5 $2 15. Nxe6 $1 Qxc1 16. Nxg7+ (16. Bxc1 fxe6 17. Qh5+ Nf7 $18) 16... Bxg7 17. Bxc1 $18 (17. Qxc1 Nxd3 18. Qc7 Bf5 $15)) 15. Nxb7 d4 {[%emt 0:00:00][%cal Bd5d4,Bd4e3][%mdl 32] [#]} 16. Qf3 $146 {[%emt 0:00:00] 0x0.00222941fe58dp-1022s more active pieces. The black rooks are badly placed.} (16. Bd2 $16 {is forced if you want to stay better.}) ({Predecessor:} 16. Bd2 Rb8 17. Re1 Qc7 18. Na5 Qb6 19. Nxc6 Bxc6 20. Qh5 Bd7 21. Ba5 Qd6 22. Bc7 {1-0 (48) Leon Hoyos,M (2535)-Meier,G (2558) Merida 2008}) 16... dxe3 $17 17. Rxc6 Be7 (17... Bxc6 $2 18. Qxc6+ Ke7 19. Nc5 $18 (19. f4 Qd5 $19)) (17... Rb8 $17 18. Rc2 Be7) 18. Nd6+ $11 Bxd6 19. Rxd6 $40 {[%emt 0:00:00][%mdl 128] White mounts an attack.} Rd8 20. fxe3 O-O {[%emt 0:00:00] [#]} (20... f5 $11 21. Qf4 Qxf4 22. exf4 (22. Rxf4 Ke7 $14) 22... Bc8) 21. Rd4 (21. Rd1 $1 $16) 21... Bc6 {[%emt 0:00:00][%mdl 8192] [#] Against Qe4} 22. Qxf7+ $3 {[%emt 0:00:00][%mdl 512] Weighted Error Value: White=0.39/Black=0.82} 1-0